AoeStats
← TlHsn <3

Arena

510390822Analyzed
3v3 RM · 1d ago on Sep 30, 2026· 48m 38s· 6 players
Game mode
Random Map
Map size
Normal (6 player)
Population
200
Speed
Normal
Resources
Standard
Victory
Conquest
Starting age
Dark Age
Ending age
Imperial Age
RankedLock teamsTeams togetherTeam positionsShared explorationLock speedFull tech treeHidden civsTurbo modeCheats
Victory
Defeat
🇩🇪 Saxons · Germany
970
+14
🇫🇷 Huns · France
958
+15
🇫🇷 Mongols · France
932
+16
🇹🇷 Hindustanis · Türkiye
961
-16
🇹🇷 Teutons · Türkiye
945
-16
🇹🇷 Turks · Türkiye
892
-13
Jack Ouille
12:56 Feudal Age
16:29 Castle Age
15:01 Fletching
19:53 Wheelbarrow
19:15 Double-Bit Axe
19:14 Horse Collar
22:27 Bodkin Arrow
23:39 Forging
24:18 Gold Mining
26:00 Bow Saw
27:08 Ballistics
36:05 Imperial Age
34:33 Hand Cart
34:40 Hand Cart
36:12 Elite Mangudai
42:12 Iron Casting
Slayce
11:15 Feudal Age
15:15 Castle Age
15:08 Horse Collar
15:20 Double-Bit Axe
22:48 Heavy Plow
23:20 Bow Saw
25:06 Scale Barding Armor
26:08 Forging
26:28 Town Watch
26:29 Loom
27:20 Wheelbarrow
27:40 Husbandry
27:50 Bloodlines
27:55 Marauders
31:27 Imperial Age
32:33 Conscription
34:50 Chain Barding Armor
36:30 Iron Casting
37:23 Plate Barding Armor
37:28 Hand Cart
37:23 Elite Tarkan
Big Olaf
9:17 Feudal Age
9:52 Double-Bit Axe
9:49 Horse Collar
12:32 Gold Mining
15:39 Loom
19:24 Castle Age
18:03 Fletching
20:58 Crossbowman
23:02 Padded Archer Armor
24:51 Bow Saw
26:34 Leather Archer Armor
26:42 Ballistics
TlHsn <3
5:02 Loom
13:37 Feudal Age
17:13 Castle Age
15:46 Gold Mining
21:51 Imperial Age
19:19 Horse Collar
20:11 Heavy Plow
21:25 Double-Bit Axe
23:53 Chemistry
23:17 Bow Saw
26:14 Padded Archer Armor
33:16 Leather Archer Armor
34:51 Pikeman
35:31 Squires
37:55 Halberdier
40:23 Scale Mail Armor
40:34 Forging
45:59 Ring Archer Armor
45:20 Fletching
46:07 Iron Casting
45:48 Chain Mail Armor
46:27 Ring Archer Armor
45:47 Fletching
47:49 Elite Skirmisher
Lokman.Y
10:12 Loom
13:18 Feudal Age
15:05 Wheelbarrow
18:18 Castle Age
22:51 Imperial Age
24:38 Horse Collar
31:05 Gold Mining
31:04 Double-Bit Axe
44:20 Heavy Plow
MY
9:55 Loom
12:20 Feudal Age
16:39 Castle Age
15:27 Double-Bit Axe
15:24 Horse Collar
16:31 Wheelbarrow
18:30 Scale Barding Armor
18:35 Forging
18:33 Heavy Plow
18:59 Bow Saw
25:07 Padded Archer Armor
24:56 Elite Skirmisher
32:33 Leather Archer Armor
36:26 Hand Cart
37:48 Iron Casting
37:34 Chain Barding Armor
40:51 Imperial Age
41:01 Heavy Camel Rider
43:08 Blast Furnace
42:43 Plate Barding Armor
Connection lost

Rejoining the realm…

Still unreachable

The connection could not be restored.

Session expired

The server has moved on; the page needs a fresh start.